 Dungeon Crawl Stone Soup version 0.24-a0-181-gd121a6d (webtiles) character file.

Game seed: 9370484650352916816

6713 galech the Cleaver (level 10, -8/77 HPs)
             Began as a Demonspawn Fighter on Mar 14, 2019.
             Was an Elder of Okawaru.
             Mangled by an orc warrior
             ... wielding a +0 glaive
              (12 damage)
             ... on level 9 of the Dungeon.
             The game lasted 00:12:02 (8593 turns).

galech the Cleaver (Demonspawn Fighter)             Turns: 8593, Time: 00:12:02

Health: -8/77      AC: 17    Str: 16    XL:     10   Next: 74%
Magic:  0/10       EV: 12    Int: 10    God:    Okawaru [****..]
Gold:   414        SH: 13    Dex: 22    Spells: 9/9 levels left

rFire    . . .     SeeInvis .   a - +0 war axe
rCold    + . .     Gourm    .   c - +0 shield
rNeg     . . .     Faith    .   v - +0 plate armour
rPois    .         Spirit   +   (no helmet)
rElec    .         Reflect  .   (no cloak)
rCorr    .         Harm     +   C - +1 pair of gloves {Dex+3}
MR       .....                  (no boots)
Stlth    ..........             D - amulet of harm
HPRegen  0.22/turn              p - ring of the Final Ghosts {+Fly Dex+3}
MPRegen  0.12/turn              s - ring of attention (curse)

@: heroism
A: hooves 2, repulsion field 2, cold resistance 1, magic shield
a: Heroism, Renounce Religion, Evoke Flight


You were on level 9 of the Dungeon.
You worshipped Okawaru.
Okawaru was greatly pleased with you.
You were not hungry.

You visited 2 branches of the dungeon, and saw 10 of its levels.

You collected 414 gold pieces.

Inventory:

Hand Weapons
 a - a +0 war axe (weapon)
Armour
 c - a +0 shield (worn)
 v - a +0 plate armour (worn)
 C - a +1 pair of gloves of dexterity (worn)
Jewellery
 m - an uncursed ring of protection from magic
 n - an uncursed ring of wizardry
 p - the ring of the Final Ghosts (left hand) {+Fly Dex+3}
   (You found it on level 6 of the Dungeon)

   [ring of dexterity]

   It affects your dexterity (+3).
   It lets you fly.
 s - a cursed ring of attention (right hand)
 D - an amulet of harm (around neck)
 F - an uncursed ring of resist corrosion {unknown}
Wands
 x - a wand of acid (20)
 E - a wand of iceblast (5)
 G - a wand of random effects (7)
 H - a wand of flame (12)
Scrolls
 k - 2 scrolls of magic mapping
 l - 3 scrolls of teleportation
 o - 2 scrolls of enchant weapon
 r - 4 scrolls of enchant armour
 u - 2 scrolls of noise
 w - 3 scrolls of fog
 y - 3 scrolls of amnesia
 A - a scroll of remove curse {unknown}
 B - a scroll of torment {unknown}
Potions
 b - a potion of curing
 d - a potion of might
 e - 2 potions of ambrosia {unknown}
 g - a potion of cancellation {unknown}
 h - 2 potions of flight {unknown}
 i - 3 potions of invisibility
 j - 2 potions of brilliance {unknown}
 q - 2 potions of lignification {unknown}
 t - a potion of mutation {unknown}
 z - 2 potions of haste {unknown}
Comestibles
 f - 13 rations
 I - 12 chunks of flesh


   Skills:
 + Level 6.5(11.5) Fighting
 + Level 10.5(15.5) Axes
 + Level 6.8(11.8) Armour
 + Level 2.0(7.0) Dodging
 + Level 1.6(6.6) Stealth
 + Level 7.0(12.0) Shields
 + Level 1.3 Invocations


You had 9 spell levels left.
You didn't know any spells.
Your spell library contained the following spells:

 Spells                   Type           Power        Failure   Level  Hunger
 Magic Dart               Conj           #...         100%        1    ##.....
 Blink                    Tloc           N/A          100%        2    ###....
 Call Imp                 Summ           #.......     100%        2    ###....
 Slow                     Hex            #.......     100%        2    ###....
 Conjure Flame            Conj/Fire      #.......     100%        3    ####...
 Mephitic Cloud           Conj/Pois/Air  #.......     100%        3    ####...


Dungeon Overview and Level Annotations

Branches:
Dungeon (9/15)             Temple (1/1) D:7
   Lair: D:8-11         Orc: D:9-12

Altars:
Ashenzari
Cheibriados
Dithmenos
Elyvilon
Fedhas
Gozag
Hepliaklqana
Kikubaaqudgha
Makhleb
Nemelex Xobeh
Okawaru
Qazlal
Ru
Sif Muna
Trog
Uskayaw
Vehumet
Wu Jian
Xom
Yredelemnul
Zin
The Shining One

Shops:
D:5 [   D:6 =   D:8 *


Innate Abilities, Weirdness & Mutations

You have hoof-like feet.
You are surrounded by a moderate repulsion field. (EV +3)
Your flesh is cold resistant. (rC+)
When hurt, damage is shared between your health and your magic reserves.


Message History

Your plate armour prevents you from hitting the orc warrior.
Your kick misses the orc warrior.
The orc warrior is moderately wounded.
You hit the orc warrior but do no damage.
The orc warrior is moderately wounded.
The orc warrior hits you with a +0 glaive!
* * * LOW HITPOINT WARNING * * *
You hit the orc warrior but do no damage.
The orc warrior is moderately wounded.
You closely miss the orc warrior. You kick the orc warrior.
The orc warrior is heavily wounded.
The orc warrior closely misses you.
Your plate armour prevents you from hitting the orc warrior.
Your kick misses the orc warrior.
The orc warrior is heavily wounded.
Your plate armour prevents you from hitting the orc warrior.
You kick the orc warrior!
The orc warrior is almost dead.
The orc warrior hits you with a +0 glaive!
You die...

.. .# .# #. ##.## #.#
##...## #.#
######+###.....###.#
...%!.).#.......##.#
......o@..$._......#
......<.#.......#..#####
........##.....##.......
........###...##...#####
........# ##.##..#.#
#'####### #....##.# #
#######.# #.# #.#


You could see an orc warrior.

Vanquished Creatures
  Harold (D:9)
  2 two-headed ogres (D:9)
  An ugly thing (D:8)
  The ghost of Duffy the Insei, a novice OpTm of Gozag (D:6)
  A hippogriff (D:7)
  A vampire (D:9)
  3 yaks
  A water moccasin (D:8)
  Duvessa (D:6)
  2 phantoms
  A necrophage (D:5)
  4 ice beasts
  5 ogres
  4 centaurs
  3 bullfrogs
  Dowan (D:6)
  4 scorpions
  3 howler monkeys
  2 crimson imps
  A jelly (D:7)
  6 quasits
  A centaur skeleton (D:6)
  A gnoll shaman (D:8)
  3 orc priests
  8 orc wizards
  2 bullfrog skeletons
  5 iguanas
  4 worker ants
  A hound skeleton (D:5)
  3 gnolls (D:8)
  10 adders
  A shadow imp (D:5)
  2 oozes
  7 worms
  4 leopard geckos
  20 orcs
  5 giant cockroaches
  8 goblins
  14 hobgoblins
  12 jackals
  5 kobolds
  4 quokkas
  A ball python (D:2)
  7 bats
  7 frilled lizards
  A jackal skeleton (D:6)
  A leopard gecko zombie (D:4)
  A quokka skeleton (D:4)
  7 rats
193 creatures vanquished.

Notes
Turn   | Place    | Note
-------+----------+-------------------------------------------
     0 | D:1      | galech the Demonspawn Fighter began the quest for the Orb.
     0 | D:1      | Reached XP level 1. HP: 18/18 MP: 1/1
   134 | D:1      | Gained mutation: You have large cloven feet. [demonic
                  | ancestry]
   134 | D:1      | Reached XP level 2. HP: 24/24 MP: 2/2
   421 | D:1      | Reached skill level 2 in Axes
   518 | D:1      | Reached XP level 3. HP: 29/29 MP: 3/3
  1112 | D:2      | Gained mutation: You are surrounded by a mild repulsion
                  | field. (EV +2) [demonic ancestry]
  1112 | D:2      | Reached XP level 4. HP: 21/35 MP: 4/4
  1868 | D:2      | Reached skill level 3 in Axes
  2180 | D:3      | Gained mutation: Your flesh is cold resistant. (rC+)
                  | [demonic ancestry]
  2180 | D:3      | Reached XP level 5. HP: 5/41 MP: 5/5
  2849 | D:3      | Found a glowing silver altar of Zin.
  2916 | D:4      | Found a blossoming altar of Fedhas.
  3116 | D:4      | Noticed an ogre
  3120 | D:4      | Killed an ogre
  3120 | D:4      | Reached skill level 4 in Axes
  3120 | D:4      | Gained mutation: When hurt, damage is shared between your
                  | health and your magic reserves. [demonic ancestry]
  3120 | D:4      | Reached XP level 6. HP: 36/48 MP: 6/6
  3384 | D:4      | Found a shadowy altar of Dithmenos.
  3458 | D:4      | Found a burning altar of Makhleb.
  3458 | D:4      | Found a shimmering altar of Xom.
  3589 | D:4      | Noticed an ice beast
  3597 | D:4      | Killed an ice beast
  3597 | D:4      | Reached skill level 5 in Axes
  3597 | D:4      | Reached skill level 1 in Dodging
  3597 | D:4      | Gained mutation: You have hoof-like feet. [demonic
                  | ancestry]
  3597 | D:4      | Reached XP level 7. HP: 53/53 MP: 7/7
  3706 | D:5      | Entered Level 5 of the Dungeon
  4141 | D:5      | Reached skill level 6 in Axes
  4318 | D:5      | Reached XP level 8. HP: 44/59 MP: 8/8
  4487 | D:5      | Found Lawker's Armour Boutique.
  4728 | D:6      | Found Elasogu's Jewellery Emporium.
  4866 | D:6      | Found a hazy altar of Hepliaklqana.
  5041 | D:6      | Noticed Duvessa
  5041 | D:6      | Noticed Dowan
  5063 | D:6      | Killed Duvessa
  5070 | D:6      | Killed Dowan
  5070 | D:6      | Reached skill level 7 in Axes
  5341 | D:6      | Found a transporter.
  5345 | D:6      | Noticed Duffy's ghost (novice OpTm)
  5364 | D:6      | Found a transporter.
  5391 | D:6      | Reached skill level 5 in Armour
  5393 | D:6      | Reached skill level 5 in Shields
  5588 | D:7      | Found a staircase to the Ecumenical Temple.
  5610 | D:7      | Gained mutation: You are surrounded by a moderate repulsion
                  | field. (EV +3) [demonic ancestry]
  5610 | D:7      | Reached XP level 9. HP: 57/66 MP: 9/9
  5623 | Temple   | Entered the Ecumenical Temple
  5683 | Temple   | Became a worshipper of Warmaster Okawaru
  5985 | D:7      | Reached skill level 5 in Fighting
  5985 | D:7      | Reached skill level 8 in Axes
  5991 | D:7      | Reached skill level 1 in Stealth
  6236 | D:7      | Found an ancient bone altar of Kikubaaqudgha.
  6642 | D:8      | Reached * piety under Okawaru
  6677 | D:8      | Found a shattered altar of Ashenzari.
  6768 | D:8      | Noticed Harold
  6768 | D:8      | Noticed a purple ugly thing
  7044 | D:6      | Killed Duffy's ghost
  7047 | D:6      | Got the ring of the Final Ghosts {Dex+3}
  7052 | D:6      | Identified the ring of the Final Ghosts {+Fly Dex+3} (You
                  | found it on level 6 of the Dungeon)
  7228 | D:8      | Found Deides's Assorted Antiques.
  7309 | D:8      | Reached skill level 9 in Axes
  7901 | D:9      | Killed Harold
  7901 | D:9      | Reached ** piety under Okawaru
  7901 | D:9      | Reached XP level 10. HP: 60/75 MP: 6/10
  7985 | D:8      | Killed a purple ugly thing
  7999 | D:8      | Reached skill level 10 in Axes
  8152 | D:9      | Reached *** piety under Okawaru
  8185 | D:9      | Noticed a two-headed ogre
  8195 | D:9      | Killed a two-headed ogre
  8506 | D:9      | Reached skill level 1 in Invocations
  8521 | D:9      | Noticed a two-headed ogre
  8537 | D:9      | Killed a two-headed ogre
  8537 | D:9      | Reached **** piety under Okawaru
  8569 | D:9      | Found a hide-covered altar of Uskayaw.
  8589 | D:9      | HP: 3/77 [orc warrior/+0 glaive (13)]
  8593 | D:9      | Mangled by an orc warrior

Levels and vault maps discovered:
D:1:      dpeg_arrival_arbitrary_a, layout_loops_corners
D:2:      layout_basic, guppyfry_early_lair_pool
D:3:      layout_rooms, nicolae_overflow_hidden_temple
D:4:      layout_loops_cross, grunt_temple_overflow_champion_of_chaos,
          grunt_dithmenos_shadows, kennysheep_mini_moat, first_ration,
          minmay_curled_crystal, st_stairs_14
D:5:      layout_loops_cross, serial_shops, shop
D:6:      layout_loops_ring, old_standard_altar, gammafunk_ghost_stat_death,
          serial_shops, shop, uniq_duvessa
D:7:      layout_basic, kiku_gazebo_garden_becter, minmay_temple_entry_ruins
D:8:      layout_basic, kennysheep_little_box, serial_shops, nicolae_shop_trees,
          uniq_harold
D:9:      layout_roguey, lemuel_round_altar, lair_entry_dummy
Temple:   dshaligram_water_room_temple

Skill      XL: |  1  2  3  4  5  6  7  8  9 10 |
---------------+-------------------------------+-----
Armour         | 3 4 5 6 |  6.8
Shields        | 3 4 5 6 7 |  7.0
Axes           | 2 3 4 5 6 7 9 10 | 10.5
Dodging        | 1 2 |  2.0
Fighting       | 4 5 6 |  6.5
Stealth        | 1 |  1.6
Invocations    | 1 |  1.3

Action                   |  1- 3 |  4- 6 |  7- 9 | 10-12 || total
-------------------------+-------+-------+-------+-------++-------
Melee: War axe           |    98 |   206 |   389 |    93 ||   786
       Kick              |    14 |    60 |   139 |    52 ||   265
Invok: Heroism           |       |       |     2 |     4 ||     6
  Use: Potion            |       |     1 |       |     2 ||     3
       Scroll            |       |       |     6 |     2 ||     8
  Eat: Chunk             |     1 |     8 |    14 |     3 ||    26
Armor: Scale mail        |    40 |     8 |       |       ||    48
       Chain mail        |       |    34 |       |       ||    34
       Plate armour      |       |    79 |   254 |    28 ||   361
Dodge: Dodged            |    31 |    45 |   102 |    26 ||   204
Block: Shield            |    48 |    82 |   206 |    43 ||   379

Table legend:
 A = Non-vault XP
 B = Vault XP
 C = Vault XP percentage of total XP
 D = Non-vault monster count
 E = Vault monster count
 F = Vault count percentage of total count
                 A         B        C        D         E       F
            +---------+---------+-------+---------+---------+-------
      Total |    7715 |    1876 |  19.6 |     183 |      10 |   5.2
            +---------+---------+-------+---------+---------+-------
        D:1 |      52 |       0 |   0.0 |      27 |       0 |   0.0
        D:2 |     117 |       0 |   0.0 |      33 |       0 |   0.0
        D:3 |      81 |       0 |   0.0 |      16 |       0 |   0.0
        D:4 |     367 |     184 |  33.4 |      14 |       3 |  17.6
        D:5 |     798 |       0 |   0.0 |      24 |       0 |   0.0
        D:6 |     894 |     711 |  44.3 |      22 |       6 |  21.4
        D:7 |    1006 |       0 |   0.0 |      20 |       0 |   0.0
        D:8 |    1602 |       0 |   0.0 |      15 |       0 |   0.0
        D:9 |    2798 |     981 |  26.0 |      12 |       1 |   7.7
            +---------+---------+-------+---------+---------+-------
